 Dungeon Crawl Stone Soup version 0.31-a0-1370-gf52a5a9ab3 (webtiles) character file.

Game seed: 6503440431411554217

1439 Chic the Cleaver (level 8, -4/64 HPs)
             Began as a Hill Orc Fighter on Dec 23, 2023.
             Slain by a troll (11 damage)
             ... on level 5 of the Dungeon.
             The game lasted 00:06:54 (4412 turns).

Chic the Cleaver (Hill Orc Fighter)                 Turns: 4412, Time: 00:06:55

Health: -4/64      AC:  9    Str: 21    XL:     8   Next: 74%
Magic:  8/8        EV:  9    Int:  8    God:
Gold:   74         SH:  4    Dex: 10    Spells: 7/7 levels left

rFire   . . .        a - +0 war axe
rCold   . . .        c - +0 buckler
rNeg    . . .        C - +1 scale mail {rPois}
rPois   +            (no helmet)
rElec   .            q - +0 cloak
rCorr   .            (no gloves)
SInv    .            (no boots)
Will    .....        (no amulet) Stlth
                     (no ring)
HPRegen 0.30/turn    (no ring)
MPRegen 0.11/turn

%: no passive effects
@: no status effects
A: no striking features
a: no special abilities


You were on level 5 of the Dungeon.
You visited 1 branch of the dungeon, and saw 5 of its levels.
You also visited: Ossuary.

You collected 74 gold pieces.

Inventory:

Hand Weapons
 a - a +0 war axe (weapon)
Missiles
 m - 2 javelins
Armour
 c - a +0 buckler (worn)
 q - a +0 cloak (worn)
 C - a +1 scale mail of poison resistance (worn)
Magical Staves
 A - a staff of alchemy
Jewellery
 g - a ring of flight
 o - a +4 ring of slaying
Scrolls
 b - a scroll of blinking {unknown}
 e - a scroll of fear {unknown}
 f - 3 scrolls of teleportation {unknown}
 h - 3 scrolls of identify {unknown}
 k - 2 scrolls of vulnerability {unknown}
 l - a scroll of brand weapon {unknown}
 n - a scroll of silence {unknown}
 p - 2 scrolls of amnesia {unknown}
 u - a scroll of immolation {unknown}
 y - a scroll of noise {unknown}
 D - a scroll of summoning {unknown}
Potions
 d - a potion of might
 i - 8 potions of curing
 j - 2 potions of haste {unknown}
 r - a potion of heal wounds
 s - a potion of invisibility {unknown}
 t - 3 potions of cancellation {unknown}
 v - a potion of mutation {unknown}
 w - a potion of magic {unknown}
 x - a potion of brilliance {unknown}
 z - a potion of attraction {unknown}
 B - a potion of berserk rage {unknown}


   Skills:
 - Level 3.6 Fighting
 * Level 13.7 Axes
 - Level 3.2 Armour
 - Level 3.2 Shields


You had 7 spell levels left.
You didn't know any spells.
Your spell library contained the following spells:

 Spells                   Type           Power      Damage    Failure   Level
 Magic Dart               Conj           0%         1d3       82%         1
 Sting                    Conj/Alch      0%         1d3       82%         1
 Ensorcelled Hibernation  Hex/Ice        0%         N/A       91%         2
 Passwall                 Alch/Erth      0%         N/A       91%         2
 Searing Ray              Conj           0%         2d4       91%         2
 Swiftness                Air            0%         N/A       99%         3
 Fulminant Prism          Conj/Alch      0%         3d5       100%        4
 Leda's Liquefaction      Alch/Erth      0%         N/A       100%        4
 Borgnjor's Vile Clutch   Necr/Erth      0%         N/A       100%        5
 Lehudib's Crystal Spear  Conj/Erth      0%         10d2      100%        8


Dungeon Overview and Level Annotations

Branches:
Dungeon (5/15)            Ossuary (visited)
 Temple: D:4-7

Altars:
Hepliaklqana
Vehumet

Shops:
D:3 ?

Annotations:
D:5 4 runed translucent doors


Message History

You closely miss the troll.
The troll is lightly wounded.
You block the troll's attack. The troll misses you. The troll claws you!
You hit the troll.
The troll is lightly wounded.
The troll bites you but does no damage. The troll claws you but does no damage.
The troll barely misses you.
You hit the troll but do no damage.
The troll is lightly wounded.
The troll bites you but does no damage. The troll claws you!
The troll closely misses you.
You slash the troll!
The troll is heavily wounded.
You closely miss the troll.
The troll is heavily wounded.
The troll closely misses you. The troll claws you.
* * * LOW HITPOINT WARNING * * *
The troll claws you!
* * * LOW HITPOINT WARNING * * *
You feel much better. The troll closely misses you. The troll claws you.
* * * LOW HITPOINT WARNING * * *
The troll closely misses you.
You hit the troll but do no damage.
The troll is moderately wounded.
The troll bites you!
* * * LOW HITPOINT WARNING * * *
You block the troll's attack. The troll completely misses you.
You hit the troll.
The troll is heavily wounded.
The troll completely misses you. The troll claws you but does no damage.
The troll claws you!
* * * LOW HITPOINT WARNING * * *
You closely miss the troll.
The troll is heavily wounded.
You block the troll's attack. The troll closely misses you.
The troll claws you but does no damage.
You feel better. The troll bites you!
* * * LOW HITPOINT WARNING * * *
You block the troll's attack. The troll claws you!
You die...

#..........# #.###.....#
#.####...#.####.###.....#
##.##.##......##.#.######
####.##.....)[.........##
#....######..######..#
##..##.†..#### ##..
##.#.#.##$# #.. ##.#T#..#
#.. #..#@###.. #..
#..#.#.##=# #..
#..##†#.### ##..
#####...###'# #+###...
.............######.......
######......##8?|8##.....#
#..#...#8....8#.##..#
#....#.+c....c+.##..#
#.####.+.....K+.##..#


You could see a troll.

Vanquished Creatures
  The ghost of Larett the Caller, a novice FeSu of Makhleb (D:4)
  An ice beast (D:4)
  An ogre (D:5)
  A phantom (D:5)
  A weeping skull (Ossuary)
  A scorpion (D:5)
  5 water moccasin zombies (Ossuary)
  A jelly (D:4)
  2 hounds (D:5)
  A spectral scorpion (Ossuary)
  A sleepcap (D:4)
  Natasha (thrice) (D:2)
  An orc wizard (D:4)
  3 iguanas (D:5)
  A crocodile zombie (Ossuary)
  A bullfrog simulacrum (Ossuary)
  2 mummies (Ossuary)
  6 adders
  A bombardier beetle (D:5)
  An adder zombie (Ossuary)
  3 worms
  5 dart slugs
  7 orcs (D:4)
  3 ball pythons
  5 bats
  11 endoplasms
  8 giant cockroaches
  9 gnoll zombies (Ossuary)
  5 goblins
  12 hobgoblins
  6 jackals
  4 quokkas
  A frilled lizard (D:1)
  2 jackal zombies (Ossuary)
  4 kobolds
  9 orc zombies (Ossuary)
  7 rats
136 creatures vanquished.

Notes
Turn   | Place    | Note
-------+----------+-------------------------------------------
     0 | D:1      | Chic the Hill Orc Fighter began the quest for the Orb.
     0 | D:1      | Reached XP level 1. HP: 19/19 MP: 1/1
    29 | D:1      | Reached skill level 3 in Axes
    61 | D:1      | Reached XP level 2. HP: 26/26 MP: 2/2
   113 | D:1      | Reached skill level 4 in Axes
   251 | D:1      | Reached XP level 3. HP: 25/31 MP: 3/3
   442 | D:1      | Reached skill level 5 in Axes
   751 | D:2      | Noticed Natasha
   757 | D:2      | Killed Natasha
   758 | D:2      | Reached skill level 6 in Axes
   758 | D:2      | Reached XP level 4. HP: 39/39 MP: 4/4
  1019 | D:2      | Noticed Natasha
  1041 | D:2      | Killed Natasha
  1042 | D:2      | Reached XP level 5. HP: 15/45 MP: 5/5
  1690 | D:2      | Noticed Natasha
  1702 | D:2      | Killed Natasha
  1703 | D:2      | Reached skill level 7 in Axes
  2001 | D:3      | Found Taur Gat's Magic Scroll Shop.
  2441 | D:4      | Found a hazy altar of Hepliaklqana.
  2589 | D:4      | Reached skill level 8 in Axes
  2596 | D:4      | Reached XP level 6. HP: 46/51 MP: 6/6
  2893 | D:4      | Got the Book of Metal and the Cucurbite
  2899 | D:4      | Found a runed translucent door.
  2899 | D:4      | Noticed Larett's ghost (novice FeSu)
  2916 | D:4      | Found a sand-covered staircase.
  2925 | Ossuary  | Entered an ossuary
  2956 | Ossuary  | Reached skill level 9 in Axes
  3056 | Ossuary  | Reached XP level 7. HP: 47/57 MP: 7/7
  3082 | Ossuary  | Reached skill level 10 in Axes
  3287 | Ossuary  | Reached skill level 11 in Axes
  3475 | D:4      | Found a radiant altar of Vehumet.
  3511 | D:4      | Reached XP level 8. HP: 64/64 MP: 8/8
  3870 | D:4      | Killed Larett's ghost
  3871 | D:4      | Reached skill level 12 in Axes
  3999 | D:5      | Entered Level 5 of the Dungeon
  4018 | D:5      | Found a large runed translucent door.
  4018 | D:5      | Found a large runed translucent door.
  4137 | D:5      | Reached skill level 13 in Axes
  4346 | D:5      | Found a large runed translucent door.
  4347 | D:5      | Found a large runed translucent door.
  4380 | D:5      | Noticed a troll
  4412 | D:5      | Slain by a troll

Illustrated notes

Levels and vault maps discovered:
D:1:      ncdulo_watergridlock, layout_rooms, minmay_misc_feat_columns,
          nicolae_wormholes
D:2:      layout_loops_cross, uniq_natasha
D:3:      layout_loops_ring, serial_shops, nicolae_shop_hallway_plus,
          corexii_leaking_fountain
D:4:      layout_loops_ring, mainiacjoe_overflow_alcove_1,
          kennysheep_little_box, gup_sewer_entry_pipe, gammafunk_ghost_grave,
          mainiacjoe_ossuary_entry_dusty_tomb
D:5:      layout_loops_ring, minmay_hollow_rounded_squares

Skill      XL: |  1  2  3  4  5  6  7  8 |
---------------+-------------------------+-----
Axes           | 3 4 6 8 9 11 13 | 13.7
Fighting       | |  3.6
Armour         | |  3.2
Shields        | |  3.2

Action                     |  1- 3 |  4- 6 |  7- 9 || total
---------------------------+-------+-------+-------++-------
  Melee: War axe           |   103 |   214 |   218 ||   535
    Use: Potion            |     2 |       |     3 ||     5
 Armour: Scale mail        |    55 |   146 |   160 ||   361
         Skin              |       |       |     1 ||     1
  Dodge: Dodged            |    49 |   104 |    90 ||   243
  Block: Buckler           |    24 |    48 |    37 ||   109

Table legend: (Time is in decaauts)
 A = Elapsed time spent in this place.
 B = Non-inter-level travel time spent in this place.
 C = Inter-level travel time spent in this place.
 D = Time resting spent in this place.
 E = Time spent auto-exploring this place.
 F = Levels seen in this place.
 G = Mean time per level.
                   A        B        C        D        E       F      G
               +--------+--------+--------+--------+--------+-----+--------+
         Total |   4490 |   4418 |     72 |    665 |   2726 |   6 |  748.3 |
       Dungeon |   4077 |   4005 |     72 |    550 |   2623 |   5 |  815.4 |
       Ossuary |    412 |    412 |      0 |    115 |    103 |   1 |  412.0 |
               +--------+--------+--------+--------+--------+-----+--------+

Top non-repeatable levels by time:
     D:2: 1275 daAuts
     D:4: 1171 daAuts
     D:3: 654 daAuts
     D:1: 571 daAuts
 Ossuary: 412 daAuts
     D:5: 404 daAuts
